[Event "Early-Titled-Tuesday-Blitz-February-06-2024"]
[Site "Chess.com"]
[Date "2024.02.06"]
[Round "4"]
[White "LiadCuba"]
[Black "bescmelasti"]
[Result "0-1"]
[WhiteElo "2456"]
[BlackElo "2687"]
[TimeControl "180+1"]
[EndTime "8:39:50 PST"]
[Termination "bescmelasti won on time"]

1. d4 Nf6 2. c4 e6 3. Nc3 Bb4 4. f3 O-O 5. e4 d5 6. cxd5 exd5 7. e5 Nfd7 8. f4 c5 9. Be3 Nc6 10. Nf3 cxd4 11. Bxd4 Nxd4 12. Qxd4 Qa5 13. a3 Bxc3+ 14. Qxc3 Qxc3+ 15. bxc3 Nc5 16. c4 Be6 17. Rc1 Nb3 18. Rc3 dxc4 19. Bxc4 Rac8 20. Rxb3 Rxc4 21. O-O b6 22.
Rb4 Rxb4 23. axb4 a5 24. bxa5 bxa5 25. Ra1 Ra8 26. Nd4 a4 27. Ra3 Bd7 28. Kf2 Rb8 29.
Ra2 g6 30. h3 h5 31. Ke3 Rb1 32. Ke4 Kf8 33. Rc2 Rb7 34. Rc3 Ra7 35. Nc2 Ke7 36. Na3 Rb7 37. Kd5 Be6+ 38. Kc5 h4 39. g3 Rc7+ 40. Kb4 Rxc3 41. Kxc3 hxg3 42. Nc2 g2 43. Nd4 g1=Q 44. Nc6+ Ke8 45. Nb4 Qc5+ 46. Kb2 Qxb4+ 47. Ka1 Qb3 0-1

[Event "Early-Titled-Tuesday-Blitz-February-06-2024"]
[Site "Chess.com"]
[Date "2024.02.06"]
[Round "4"]
[White "Actuary44"]
[Black "Arlo2024"]
[Result "1-0"]
[WhiteElo "2488"]
[BlackElo "2294"]
[TimeControl "180+1"]
[EndTime "8:39:50 PST"]
[Termination "Actuary44 won by resignation"]

1. e4 e6 2. d4 d5 3. Nc3 dxe4 4. Nxe4 Nd7 5. Ng3 Ngf6 6. Nf3 Bd6 7. Bd3 b6 8. Bg5 Bb7 9. Qe2 O-O 10. O-O-O c5 11. Ne4 Be7 12. dxc5 bxc5 13. Nxf6+ Bxf6 14. Bxf6 Qxf6 15. Bxh7+ Kxh7 16. Rxd7 Rab8 17. Rxb7 Qf4+ 18. Kb1 Rxb7 19. g3 Qb4 20. b3 Kg8 21. Ng5 g6 22.
h4 Rd8 23. h5 Qd2 24. Qe4 Qd5 25. hxg6 fxg6 26. Qxg6+ Rg7 27. Qxe6+ Qxe6 28. Nxe6 Rh7 29.
Rxh7 Rd1+ 30. Kb2 Kxh7 31. Nxc5 Rf1 32. Nd3 Kg6 33. Kc3 Kf5 34. Kd4 Ra1 35. a4 Ra2 36. c4 a5 37. c5 Rc2 38. f4 Rg2 39. c6 Ke6 40. Kc5 Rxg3 41. Ne5 Rc3+ 42. Kb6 Kd6 43. Nc4+ Kd5 44. Nxa5 Rxb3+ 45. Nxb3 Kd6 46. c7 Kd7 47. Kb7 1-0

[Event "Early-Titled-Tuesday-Blitz-February-06-2024"]
[Site "Chess.com"]
[Date "2024.02.06"]
[Round "4"]
[White "ChampStan"]
[Black "DDTerziev04"]
[Result "0-1"]
[WhiteElo "2101"]
[BlackElo "2303"]
[TimeControl "180+1"]
[EndTime "8:39:50 PST"]
[Termination "DDTerziev04 won by resignation"]

1. e4 d6 2. d4 Nf6 3. Nc3 g6 4. Nf3 Bg7 5. Bc4 O-O 6. Bf4 c6 7. O-O Bg4 8. h3 Bxf3 9. Qxf3 Nbd7 10. Bh2 e5 11. dxe5 dxe5 12. Rad1 Qe7 13. Qd3 Rad8 14. Qd6 Qxd6 15. Rxd6 Nb6 16. Rxd8 Rxd8 17. Bd3 Nfd7 18.
Rd1 Nc5 19. Be2 Rxd1+ 20. Bxd1 Ne6 21. Kf1 Nd4 22. Ne2 Nc4 23. Nxd4 exd4 24. Bg4 Nxb2 25. Bc8 b6 26. Bb7 c5 27. Bb8 a5 28. Ba7 Nc4 29. Bd5 Na3 30. Bxb6 Bf8 31. Bxa5 Nxc2 32. Bd2 Na3 33.
Ke2 c4 34. Bc1 d3+ 35. Kd1 c3 36. Bxa3 Bxa3 37. Bb3 Kf8 38. f3 f6 39. Bc2 dxc2+ 40. Kxc2 Bb4 41. Kb3 Ba5 42. Kc2 Ke7 43. Kd3 Kd6 44.
Kc2 Kc5 45. Kd3 Kb4 46. g3 Ka3 47. Kc2 Kxa2 48. h4 Ka3 49. f4 Kb4 50. e5 fxe5 51.
fxe5 Kc5 52. e6 Kd6 0-1

[Event "Early-Titled-Tuesday-Blitz-February-06-2024"]
[Site "Chess.com"]
[Date "2024.02.06"]
[Round "4"]
[White "frequentblunders"]
[Black "ATM622"]
[Result "0-1"]
[WhiteElo "2185"]
[BlackElo "2454"]
[TimeControl "180+1"]
[EndTime "8:39:51 PST"]
[Termination "ATM622 won on time"]

1. d3 Nf6 2. f4 d5 3. Nf3 Nbd7 4. g3 g6 5. Bg2 Bg7 6. O-O O-O 7. Nc3 c6 8. e4 dxe4 9. dxe4 e5 10. f5 gxf5 11. exf5 e4 12. Nh4 Nc5 13. Be3 Qe7 14. Kh1 Rd8 15. Qe2 b6 16. Bxc5 Qxc5 17. Nxe4 Nxe4 18.
Bxe4 Bxb2 19. Rad1 Bf6 20. Rxd8+ Bxd8 21. f6 Qg5 22.
Bxc6 Bd7 23. Bxa8 Bxf6 24. Bg2 Be6 25. Qf3 Bd4 26. Nf5 Be5 27. h4 Qf6 28. Kh2 h5 29. Qxh5 Bxa2 30. Qg5+ Qxg5 31. hxg5 Be6 32. Ne3 Bd4 33.
Nf5 Be5 34. Kh3 a5 35. Kg4 a4 36. Be4 a3 37. Kf3 a2 38. Nh6+ Kf8 0-1

[Event "Early-Titled-Tuesday-Blitz-February-06-2024"]
[Site "Chess.com"]
[Date "2024.02.06"]
[Round "4"]
[White "DeArron_Fox"]
[Black "luckyswitchback"]
[Result "1-0"]
[WhiteElo "2497"]
[BlackElo "2687"]
[TimeControl "180+1"]
[EndTime "8:39:52 PST"]
[Termination "DeArron_Fox won by checkmate"]

1. d4 Nf6 2. c4 e6 3. Nf3 d5 4. Nc3 c6 5. e3 Nbd7 6. Qc2 Be7 7.
Bd3 O-O 8. O-O dxc4 9. Bxc4 a6 10. e4 b5 11. Bd3 c5 12. e5 Nd5 13. Bxh7+ Kh8 14. Be4 Bb7 15. Nxd5 Bxd5 16. Bxd5 exd5 17. Qf5 c4 18. e6 fxe6 19. Qxe6 Nf6 20. Ne5 Kh7 21.
Qh3+ Kg8 22. Bg5 Qc8 23. Qe3 Qf5 24. Rae1 Rae8 25. f3 Bd6 26. Bxf6 gxf6 27. Qh6 fxe5 28. Qxd6 exd4 29. Qxa6 d3 30. Qxb5 d2 31. Rxe8 Qf4 32.
Rxf8+ Kxf8 33. Qc5+ Kg7 34. Qxd5 Qe3+ 35. Kh1 Qe1 36.
Qg5+ Kf7 37. Qf5+ Kg7 38. Qd7+ Kh8 39. Qd8+ Kg7 40. Qg5+ Kh7 41. Qf5+ Kg7 42. Qg4+ Kh8 43. Qh3+ Kg7 44. Qg3+ Qxg3 45. hxg3 c3 46. bxc3 d1=Q 47. Rxd1 Kf6 48. Kg1 Kf5 49. Kf2 Kf6 50. Ke3 Ke5 51.
f4+ Ke6 52. Kf3 Kf5 53. g4+ Kf6 54. f5 Kg5 55. g3 Kf6 56. Kf4 Kf7 57. g5 Ke7 58. c4 Kf7 59. c5 Ke7 60. c6 Kf7 61. c7 Ke8 62. c8=Q+ Ke7 63. Rd7# 1-0

[Event "Early-Titled-Tuesday-Blitz-February-06-2024"]
[Site "Chess.com"]
[Date "2024.02.06"]
[Round "4"]
[White "eightbyeightchess"]
[Black "deribas12345"]
[Result "0-1"]
[WhiteElo "2353"]
[BlackElo "2512"]
[TimeControl "180+1"]
[EndTime "8:39:52 PST"]
[Termination "deribas12345 won by checkmate"]

1. e4 c5 2. c3 e6 3. d4 d5 4. e5 Qa5 5. Nf3 cxd4 6. Bd3 dxc3 7.
O-O cxb2 8. Bxb2 Nc6 9. Ng5 Nh6 10. Nxh7 Be7 11. f4 Qb6+ 12. Kh1 Qxb2 13. Nd2 Qc3 14. Rf3 Ng4 15. Nb3 Qb4 16. h3 Nh6 17. a3 Qb6 18. Rg3 Bd7 19. Rxg7 O-O-O 20. Rb1 Nf5 21. Bxf5 exf5 22.
Rxf7 Be6 23. Rg7 d4 24. Ng5 Bxg5 25. fxg5 Rd7 26. Rxd7 Bxd7 27. Nd2 Qc7 28. Nc4 b6 29. Nd6+ Kb8 30. Qe2 Rd8 31. g6 Be6 32. a4 Bd5 33. a5 Be4 34. axb6 axb6 35. Ra1 Rxd6 36. exd6 Qxd6 37. g7 Qg6 38. Qa6 Qxg2# 0-1

[Event "Early-Titled-Tuesday-Blitz-February-06-2024"]
[Site "Chess.com"]
[Date "2024.02.06"]
[Round "4"]
[White "Sam_ChessMood"]
[Black "MokshAD1603"]
[Result "1-0"]
[WhiteElo "2909"]
[BlackElo "2590"]
[TimeControl "180+1"]
[EndTime "8:39:53 PST"]
[Termination "Sam_ChessMood won by resignation"]

1. d4 Nf6 2. c4 e6 3. Nc3 Bb4 4.
a3 Bxc3+ 5. bxc3 c5 6. e3 Nc6 7.
Ne2 d6 8. Ng3 O-O 9. e4 h6 10. d5 Na5 11. Bd3 b6 12. Rb1 Ba6 13.
Qe2 Qd7 14. O-O Qa4 15. e5 dxe5 16. dxe6 Bxc4 17. Bxc4 Nxc4 18. e7 Rfe8 19. Nf5 Qd7 20. Nxh6+ gxh6 21. Qxc4 Kh7 22. Qh4 Ng8 23. Qe4+ f5 24.
Qxe5 Rxe7 25. Qg3 Qc6 26. Be3 Rg7 27. Qh3 Re8 28. Qxf5+ Kh8 29. g3 Qe4 30. Qxe4 Rxe4 31. Rfd1 Ra4 32. Ra1 Nf6 33. Rd8+ Kh7 34. Bf4 Ne4 35.
Be5 Re7 36. f4 Rc4 37. Rad1 Nxc3 38. R1d6 Rxe5 39. fxe5 Ne4 40. R8d7+ Kg8 41. Rc6 1-0

[Event "Early-Titled-Tuesday-Blitz-February-06-2024"]
[Site "Chess.com"]
[Date "2024.02.06"]
[Round "4"]
[White "Juicy_Fork"]
[Black "yaguigor"]
[Result "1-0"]
[WhiteElo "2436"]
[BlackElo "2742"]
[TimeControl "180+1"]
[EndTime "8:39:53 PST"]
[Termination "Juicy_Fork won on time"]

1. e4 e5 2. Nf3 Nc6 3. Bb5 f5 4.
d3 fxe4 5. dxe4 Nf6 6. O-O Bc5 7. Bxc6 bxc6 8. Nxe5 O-O 9. Nd3 Nxe4 10. Nxc5 Nxc5 11.
Nc3 d5 12. Be3 Ne6 13. Ne2 Ba6 14. Qd2 Qd6 15. Rfe1 Bxe2 16. Qxe2 c5 17. Rad1 Rae8 18. Qb5 Rb8 19. Qe2 Rxb2 20. Bc1 Nf4 21. Bxf4 Rxf4 22. Rb1 Rxb1 23. Rxb1 Rf8 24. g3 c4 25. Rb7 a6 26.
Qe3 Qc6 27. Rb1 Re8 28. Qa7 h6 29. Rd1 Re2 30. Qb8+ Kh7 31. c3 Qc5 32. Qb1+ Kg8 33. Qb8+ Kf7 34. Rd4 Re4 35. Rd2 Qd6 36. Qb7 Re5 37.
f4 Re3 38. Rxd5 Qe6 39. Qxc7+ Kg8 40. Re5 Rxe5 41. fxe5 1-0

[Event "Early-Titled-Tuesday-Blitz-February-06-2024"]
[Site "Chess.com"]
[Date "2024.02.06"]
[Round "4"]
[White "Zohid6"]
[Black "Hikaru"]
[Result "0-1"]
[WhiteElo "2872"]
[BlackElo "3311"]
[TimeControl "180+1"]
[EndTime "8:39:54 PST"]
[Termination "Hikaru won by resignation"]

1. e4 g6 2. d4 c6 3. Nc3 d5 4.
e5 a6 5. f4 h5 6. h3 h4 7. Nf3 Bf5 8. Be3 e6 9. Be2 Nd7 10. O-O c5 11. Kh2 Rc8 12. Bf2 cxd4 13. Nxd4 Bc5 14. Bf3 Ne7 15. Nce2 Nc6 16. c3 Nxd4 17.
Nxd4 Bxd4 18. Bxd4 Nb8 19. b4 g5 20. Bg4 Nc6 21.
fxg5 Qxg5 22. Bxf5 exf5 23. Qf3 Rg8 24. Rae1 Nxd4 25.
cxd4 Rc2 26. Rg1 Qg3+ 27. Qxg3 hxg3+ 28. Kh1 Ke7 29. Rgf1 Ke6 30. Rf3 Rd2 31. Ref1 Rg5 32. h4 Rh5 33. Rxg3 Rxd4 34. Rg8 Rdxh4+ 35. Kg1 Rh1+ 36. Kf2 Rxf1+ 37. Kxf1 Rh1+ 38. Kf2 Ra1 39. Re8+ Kd7 40. Rb8 Rxa2+ 41. Kf3 d4 42. Rxb7+ Ke6 43. Kf4 d3 44. Rb6+ Kd5 45. Rd6+ Kc4 46. Kxf5 Rxg2 47. Rxa6 d2 48. Rd6 Kxb4 49. Kf6 Rf2+ 50. Ke7 Kc3 51. Rc6+ Kd3 52. Rd6+ Ke2 0-1

[Event "Early-Titled-Tuesday-Blitz-February-06-2024"]
[Site "Chess.com"]
[Date "2024.02.06"]
[Round "4"]
[White "tptagain"]
[Black "Gennady_Kozlov"]
[Result "1-0"]
[WhiteElo "2933"]
[BlackElo "2708"]
[TimeControl "180+1"]
[EndTime "8:39:54 PST"]
[Termination "tptagain won by resignation"]

1. Nf3 d5 2. c4 c6 3. e3 Nf6 4. Nc3 e6 5. b3 Be7 6. Bb2 O-O 7. d4 Nbd7 8. Bd3 c5 9. cxd5 exd5 10. O-O b6 11. Qe2 Bb7 12. Rfd1 Qc8 13. Rac1 Ne4 14. dxc5 Ndxc5 15. Bb1 Qe6 16. Nd4 Qg6 17. Nxe4 dxe4 18. b4 Nd3 19. Rc7 Ba6 20. b5 Bd6 21. Rc4 Bb7 22. Nc6 Kh8 23. Bxd3 exd3 24. Qxd3 Qxd3 25. Rxd3 Bc5 26. Rg4 f6 27. a4 Bxc6 28. bxc6 Rac8 29. Rd7 g6 30. c7 Kg8 31. Rf4 Rf7 32.
Rxf7 Kxf7 33. Rxf6+ Ke7 34. Be5 a6 35. Kf1 Kd7 36. Ke2 b5 37. Rxa6 bxa4 38. Rxa4 Bb6 39. h4 Ke6 40. Bf4 Kd5 41. Kf3 Bxc7 42. Rd4+ Kc5 43.
Bxc7 Rxc7 44. Kg3 Rf7 45. Rd2 Kc4 46. e4 Kc3 47. Rd8 Kc4 48. f4 Kc5 49. e5 Kc6 50.
Kf3 Ra7 51. g3 h5 52. Rd6+ 1-0

[Event "Early-Titled-Tuesday-Blitz-February-06-2024"]
[Site "Chess.com"]
[Date "2024.02.06"]
[Round "4"]
[White "Dinosaurio_1975"]
[Black "rezamahdavi2008"]
[Result "0-1"]
[WhiteElo "2589"]
[BlackElo "2864"]
[TimeControl "180+1"]
[EndTime "8:39:54 PST"]
[Termination "rezamahdavi2008 won by checkmate"]

1. e4 e6 2. d4 d5 3. e5 c5 4. c3 Nc6 5. Nf3 Nge7 6. Na3 Nf5 7. Nc2 Qa5 8. dxc5 Qc7 9. b4 a5 10. Bb5 Bd7 11. Bf4 b6 12. cxb6 Qxb6 13. Bxc6 Qxc6 14.
O-O Qxc3 15. Rc1 Be7 16. Ncd4 Qxb4 17. Nxf5 Qxf4 18. Nxg7+ Kf8 19. Nh5 Qa4 20. Qd2 h6 21. Nf6 Bb5 22. Rfe1 Bb4 23. Qe3 Qa3 24. Rc7 Qxe3 25. Rxe3 Bc4 26. Nd4 Be7 27. Rf3 Bxf6 28. Rxf6 Rh7 29. Nxe6+ Kg8 30. Nd4 Bxa2 31. h4 Bc4 32. e6 fxe6 33. Rg6+ Kh8 34. Rc5 a4 35. Nc2 Re7 36. Na3 Kh7 37. Rf6 Kg7 38. Rf4 Bb3 39.
Rb4 Rf8 40. g3 Ref7 41. f4 Kf6 42. Kf2 Rg7 43. Kf3 Rfg8 44. g4 Rxg4 45. Rb6 Rg3+ 46. Kf2 Rg2+ 47. Kf1 Ra2 48. Nb5 Bc4+ 49. Ke1 Rg1# 0-1

[Event "Early-Titled-Tuesday-Blitz-February-06-2024"]
[Site "Chess.com"]
[Date "2024.02.06"]
[Round "4"]
[White "Aariow"]
[Black "NowInChess"]
[Result "1-0"]
[WhiteElo "2502"]
[BlackElo "2324"]
[TimeControl "180+1"]
[EndTime "8:39:54 PST"]
[Termination "Aariow won by resignation"]

1. d4 Nf6 2. c4 c5 3. d5 b5 4. cxb5 a6 5. e3 e6 6. Nc3 Bb7 7. dxe6 fxe6 8. Nf3 d5 9. Be2 Bd6 10. O-O O-O 11. bxa6 Nxa6 12. e4 dxe4 13. Ng5 Qe7 14. Qb3 Bd5 15. Qd1 h6 16. Nh3 Nb4 17. Bf4 Nd3 18.
Bxd3 exd3 19. Qxd3 c4 20. Qe2 Ne4 21. Bxd6 Nxc3 22. Qe5 Rf5 23. bxc3 Rxe5 24. Bxe7 Re8 25.
Bd6 Re2 26. a4 Rc2 27. Be5 Ra8 28. a5 Rb2 29. Nf4 Be4 30. a6 Bd3 31. Rfd1 Rb6 32. a7 Rb7 33. Bd4 e5 34. Bxe5 Rbxa7 35. Rxa7 Rxa7 36.
Bd4 Ra2 37. h4 Be2 38. Nxe2 Rxe2 39. g3 Rc2 40. Kg2 Kf7 41. Re1 g6 42. Re5 h5 43.
Rc5 Re2 44. Rxc4 Re6 45. Rc7+ Ke8 46. Kf3 Kd8 47. Rg7 Kc8 48. Kf4 Kd8 49. Kg5 Rc6 50. Rxg6 Rc7 51. Bb6 Kd7 52. Rg7+ 1-0

[Event "Early-Titled-Tuesday-Blitz-February-06-2024"]
[Site "Chess.com"]
[Date "2024.02.06"]
[Round "4"]
[White "Harsha_Bharathakoti"]
[Black "jaskol95"]
[Result "1-0"]
[WhiteElo "2926"]
[BlackElo "2606"]
[TimeControl "180+1"]
[EndTime "8:39:56 PST"]
[Termination "Harsha_Bharathakoti won by resignation"]

1. Nf3 d5 2. e3 Nf6 3. c4 c6 4.
Nc3 e6 5. b3 Bd6 6. Bb2 Nbd7 7.
Be2 b6 8. Rc1 Bb7 9. cxd5 exd5 10.
d4 O-O 11. O-O Qe7 12. Re1 Rac8 13. Bf1 Ne4 14. Nxe4 Qxe4 15. Bd3 Qg4 16. e4 Rfe8 17.
e5 Bb4 18. Re3 Nf8 19. h3 Qh5 20. Rc2 c5 21. a3 Ba5 22. Rc1 Ne6 23. Be2 Qh6 24.
Bf1 cxd4 25. Nxd4 Nxd4 26. Bxd4 Rxc1 27. Qxc1 Rc8 28. Qd1 b5 29. Bxb5 Bb6 30. Re1 Bxd4 31. Qxd4 Qg6 32. Bd3 Qg5 33. Qxa7 Bc6 34. Qe3 Qe7 35.
b4 g6 36. Rc1 Bb7 37. Rxc8+ Bxc8 38. Qc5 Qe8 39. Qxd5 Be6 40. Qc5 Qd8 41. Be4 Qd1+ 42. Kh2 Qe2 43. Bf3 Qd2 44. b5 Qb2 45. b6 Kg7 46. b7 h5 47. Qd6 Qxa3 48. Qxa3 1-0

[Event "Early-Titled-Tuesday-Blitz-February-06-2024"]
[Site "Chess.com"]
[Date "2024.02.06"]
[Round "4"]
[White "Arifarsky"]
[Black "Irishchessman16"]
[Result "0-1"]
[WhiteElo "2690"]
[BlackElo "2520"]
[TimeControl "180+1"]
[EndTime "8:39:56 PST"]
[Termination "Irishchessman16 won by checkmate"]

1. e4 c5 2. Nf3 e6 3. c3 d5 4. e5 d4 5. g3 Nc6 6. Bg2 Nge7 7. O-O Ng6 8. Re1 Qc7 9. Qe2 Be7 10.
d3 O-O 11. Na3 a6 12. h4 f6 13. exf6 Bxf6 14. h5 Nge7 15. Bf4 Qd8 16. Rac1 Nd5 17.
Bd2 dxc3 18. bxc3 b6 19. Nc4 Ra7 20. Nfe5 Nce7 21. Ng4 Nf5 22. Be4 Raf7 23. Nce5 Bxe5 24. Nxe5 Rc7 25. Nf3 Nd6 26. Ng5 Nxe4 27. Nxe4 h6 28. c4 Ne7 29. Bf4 Nf5 30. Bxc7 Qxc7 31. Nd2 Nd4 32.
Qe5 Qf7 33. f4 Bb7 34. Re3 Re8 35. Rb1 Nf5 36. Rxb6 Nxe3 37. Qxe3 Ba8 38. Qxc5 e5 39. Qe3 Qxh5 40. Ne4 exf4 41. Qxf4 Qd1+ 42. Kf2 Qxd3 43. Nf6+ gxf6 44. Qg4+ Kh7 45. Rxf6 Qe3+ 46. Kf1 Qe1# 0-1

[Event "Early-Titled-Tuesday-Blitz-February-06-2024"]
[Site "Chess.com"]
[Date "2024.02.06"]
[Round "4"]
[White "GustavoAOliveira"]
[Black "Savagelittlemole"]
[Result "1-0"]
[WhiteElo "2347"]
[BlackElo "2489"]
[TimeControl "180+1"]
[EndTime "8:39:56 PST"]
[Termination "GustavoAOliveira won by checkmate"]

1. d4 Nf6 2. c4 c5 3. d5 e6 4.
Nf3 exd5 5. cxd5 d6 6. Nc3 g6 7. g3 Bg7 8. Bg2 O-O 9. O-O a6 10. a4 Re8 11. Nd2 Nbd7 12. Nc4 Nb6 13. Ne3 Qc7 14.
a5 Nbd7 15. Nc4 b5 16. axb6 Nxb6 17. Na5 Nfd7 18. Bf4 Be5 19. Bd2 c4 20. Be3 Nc5 21.
Bd4 Bf5 22. f4 Bxd4+ 23. Qxd4 Rab8 24. e4 Bg4 25. Rfc1 Qd7 26. Rc2 Bh3 27. Nxc4 Nxc4 28. Qxc4 Bxg2 29. Rxg2 Rec8 30. Re1 Qa7 31. Qd4 Rb4 32. Qe3 Rcb8 33. e5 Rxb2 34. Rxb2 Rxb2 35. exd6 Rb7 36. Kg2 a5 37. f5 Nd7 38. fxg6 hxg6 39.
Qe8+ Kg7 40. Re7 Nf6 41. Qxf7+ Kh6 42. Qg7+ Kg5 43. Ne4+ Nxe4 44. Qe5+ Kh6 45. Qxe4 Rb2+ 46. Kh3 Qf2 47. Qh4# 1-0

[Event "Early-Titled-Tuesday-Blitz-February-06-2024"]
[Site "Chess.com"]
[Date "2024.02.06"]
[Round "4"]
[White "LeoWin2012"]
[Black "kekic76"]
[Result "0-1"]
[WhiteElo "2169"]
[BlackElo "2369"]
[TimeControl "180+1"]
[EndTime "8:39:58 PST"]
[Termination "kekic76 won by checkmate"]

1. e4 c5 2. Nf3 e6 3. b3 Nf6 4.
e5 Nd5 5. d4 Nc6 6. Bb2 cxd4 7.
Nxd4 Nxd4 8. Bxd4 Qc7 9. Qd2 Bb4 10. c3 Bc5 11. Bc4 Bxd4 12. cxd4 Nb6 13. Bd3 d6 14. exd6 Qxd6 15. O-O Bd7 16. Be4 Bc6 17. Nc3 Nd5 18.
Nxd5 Bxd5 19. Bd3 O-O 20. Qe3 Rac8 21. Rac1 Qa3 22. Qd2 g6 23. Rxc8 Rxc8 24. h4 a5 25. h5 Qb4 26. Qf4 Qe7 27. hxg6 hxg6 28. Rc1 Rxc1+ 29.
Qxc1 Qb4 30. Qe3 Qc3 31. Kh2 Qb2 32. Bc4 Bxc4 33. bxc4 Qxa2 34. c5 Qc4 35. Kg1 a4 36. g3 Qb3 37. Qc1 a3 38. c6 bxc6 39. Qxc6 a2 40. Qe8+ Kg7 41. Qb8 Qxb8 42. Kg2 a1=Q 43. d5 Qb7 44. Kh2 Qxd5 45. f3 Qh1+ 46. Kxh1 Qxf3+ 47. Kh2 g5 48. Kh3 f5 49. Kh2 g4 50.
Kg1 Qxg3+ 51. Kh1 Qf3+ 52. Kg1 Qe2 53. Kh1 f4 54. Kg1 e5 55. Kh1 e4 56. Kg1 e3 57.
Kh1 f3 58. Kg1 g3 59. Kh1 Qa2 60. Kg1 Kf6 61. Kh1 Kg5 62. Kg1 Kh4 63. Kh1 Kh3 64. Kg1 f2+ 65. Kh1 g2# 0-1

[Event "Early-Titled-Tuesday-Blitz-February-06-2024"]
[Site "Chess.com"]
[Date "2024.02.06"]
[Round "4"]
[White "djano"]
[Black "Flaccidmoves"]
[Result "0-1"]
[WhiteElo "2604"]
[BlackElo "2443"]
[TimeControl "180+1"]
[EndTime "8:39:59 PST"]
[Termination "Flaccidmoves won by resignation"]

1. e4 Nf6 2. Nc3 e5 3. d4 exd4 4. Qxd4 Nc6 5. Qd3 Bc5 6. Bf4 O-O 7. f3 d5 8. O-O-O d4 9. Nce2 Be6 10. a3 Rb8 11. c3 dxc3 12. Nxc3 Qe7 13. Qc2 Nd4 14. Qd3 Rbd8 15. Kb1 Bb3 16. Rc1 Ne6 17. Qb5 Nd4 18.
Qd3 c6 19. Nce2 Be6 20. Qc3 Bb6 21. Bg5 c5 22. Nxd4 cxd4 23. Qd2 h6 24. Bh4 d3 25.
Rd1 Qc7 26. Bxf6 gxf6 27. Rc1 Qe5 28. Nh3 Kg7 29. g3 Qd4 30. Bg2 Qe3 31. Rhd1 Bb3 32. Qxe3 Bxe3 33. Nf4 Bxd1 34. Rxd1 d2 35. Nd5 Bc5 36.
Rxd2 f5 37. Bh3 fxe4 38. fxe4 f5 39. Bxf5 Bd6 40. g4 Be5 41. h4 Rc8 42. Rd3 Rfd8 43. Rb3 b6 44. g5 hxg5 45. hxg5 Rh8 46. g6 Rh1+ 47. Ka2 Rcc1 48. Rd3 Rc2 49. Rb3 Rhh2 50. Ne3 Rxb2+ 51. Rxb2 Rxb2+ 52. Ka1 Re2+ 0-1

[Event "Early-Titled-Tuesday-Blitz-February-06-2024"]
[Site "Chess.com"]
[Date "2024.02.06"]
[Round "4"]
[White "Timerkhanov"]
[Black "KhazhatulyAlikhan"]
[Result "1-0"]
[WhiteElo "2638"]
[BlackElo "2397"]
[TimeControl "180+1"]
[EndTime "8:39:59 PST"]
[Termination "Timerkhanov won by checkmate"]

1. d4 d5 2. Bf4 Nf6 3. e3 Bf5 4. c4 e6 5. Nc3 Bd6 6. Bxd6 Qxd6 7. cxd5 exd5 8. Qb3 b6 9. Nf3 O-O 10. Be2 Nbd7 11.
O-O c6 12. Rac1 Rac8 13. Qa4 Rc7 14. h3 Ne4 15. Nxe4 Bxe4 16. Rfd1 Bxf3 17. Bxf3 Re8 18. Rc3 Re6 19. Rdc1 g6 20. b4 b5 21. Qa6 Nb6 22. Rc5 Na4 23. R5c2 Nb6 24. g3 Qxb4 25. Rc5 Qd2 26.
R1c2 Qe1+ 27. Kg2 Rf6 28. Rxb5 Rxf3 29. Rxb6 Rxg3+ 30. Kxg3 axb6 31. Qxb6 Qg1+ 32. Kf3 Qd1+ 33. Kg2 Qxc2 34. Qxc7 Qe4+ 35. Kg3 Qc2 36. Qb8+ Kg7 37.
a3 h5 38. h4 Qb3 39. Qxb3 Kf6 40. a4 Kf5 41. a5 Ke4 42. a6 Kf5 43. a7 f6 44.
a8=Q Ke4 45. Qc8 f5 46. Qe6# 1-0

[Event "Early-Titled-Tuesday-Blitz-February-06-2024"]
[Site "Chess.com"]
[Date "2024.02.06"]
[Round "4"]
[White "Roedor"]
[Black "SouS007"]
[Result "0-1"]
[WhiteElo "2336"]
[BlackElo "2508"]
[TimeControl "180+1"]
[EndTime "8:39:59 PST"]
[Termination "SouS007 won on time"]

1. c4 c6 2. Nf3 Nf6 3. g3 g6 4. Bg2 Bg7 5. O-O O-O 6. d4 d5 7. Ne5 dxc4 8. Nxc4 Be6 9. Ne5 Nbd7 10. Nd3 Bd5 11.
Bh3 Re8 12. Nc3 e5 13. dxe5 Nxe5 14. Nxe5 Rxe5 15. Nxd5 Rxd5 16. Qc2 Qe7 17. Be3 Re8 18. Rfe1 Rh5 19. Bg2 Ng4 20. Bxa7 Rxh2 21. Bf3 Qg5 22. Bxg4 Qh6 23. Bf3 Qh3 24. Rad1 Bf6 25. Bd4 Bg5 26. a4 h5 27. Qc5 Be7 28. Qe5 f6 29. Qe6+ Qxe6 30. Kxh2 h4 31. Kg2 h3+ 32. Kh2 Bd6 33.
Bc3 Qf5 34. Rd4 Be5 35. Re4 Rd8 36. Bxe5 fxe5 37. Rc1 Rd4 38. Rc4 g5 39. Rcxd4 exd4 40. Rxd4 Qc5 41. Rg4 Qxf2+ 42. Kxh3 Qe3 43. b4 Qc1 44. b5 Qf1+ 45. Kh2 Qf2+ 46. Kh3 Qf1+ 47. Kh2 Qc1 48. Rxg5+ Qxg5 49. bxc6 bxc6 50. Kg2 c5 51. a5 c4 52. a6 Qa5 53. Bb7 c3 0-1

[Event "Early-Titled-Tuesday-Blitz-February-06-2024"]
[Site "Chess.com"]
[Date "2024.02.06"]
[Round "4"]
[White "wonderfultime"]
[Black "LikeWater"]
[Result "1-0"]
[WhiteElo "3046"]
[BlackElo "2824"]
[TimeControl "180+1"]
[EndTime "8:40:00 PST"]
[Termination "wonderfultime won on time"]

1. d4 e6 2. Nf3 c5 3. c3 d5 4.
Bf4 Bd6 5. e3 Qc7 6. Bxd6 Qxd6 7.
Ne5 Ne7 8. Bd3 O-O 9. Qh5 g6 10.
Qh4 f6 11. Nf3 Nbc6 12. Nbd2 Kg7 13. O-O g5 14. dxc5 Qxc5 15. Qa4 Bd7 16. Qc2 Ng6 17.
a3 Nce5 18. b4 Qc7 19. Rac1 Rac8 20. Be2 b5 21. Nd4 Qb6 22. N4b3 a6 23. Nc5 Rxc5 24.
bxc5 Qxc5 25. Qb2 Rc8 26. Rfd1 h6 27. Qb4 Qc7 28. h3 f5 29. Nb3 Nc6 30. Qc5 Nce7 31.
Qd4+ e5 32. Qd2 Be6 33. Qa2 f4 34.
exf4 gxf4 35. a4 Rb8 36. axb5 axb5 37. Nd2 Kf6 38. Qb2 Qd6 39. Ne4+ dxe4 40. Rxd6 Nf5 41.
Rxe6+ Kxe6 42. Bg4 Kf6 43. Bxf5 Kxf5 44. c4 b4 45. c5 Nh4 46. c6 Rg8 47. Rc5 Rxg2+ 48. Kf1 1-0

[Event "Early-Titled-Tuesday-Blitz-February-06-2024"]
[Site "Chess.com"]
[Date "2024.02.06"]
[Round "4"]
[White "RantomOpening"]
[Black "B_nn_t"]
[Result "1-0"]
[WhiteElo "2553"]
[BlackElo "2380"]
[TimeControl "180+1"]
[EndTime "8:40:00 PST"]
[Termination "RantomOpening won on time"]

1. e4 c5 2. c3 e5 3. Nf3 Nc6 4. d4 cxd4 5. cxd4 exd4 6. Nxd4 Nf6 7. Nxc6 dxc6 8. Qxd8+ Kxd8 9. Nc3 Bb4 10. Bd3 Be6 11.
f3 h6 12. Bf4 Ke7 13. Ke2 Rhd8 14. Rhd1 Rd7 15. h4 Rad8 16. Bc2 Bc4+ 17. Kf2 Bc5+ 18. Be3 Bxe3+ 19. Kxe3 b5 20. b3 Be6 21. Ne2 c5 22. Nc3 a6 23. g4 c4 24. b4 g5 25. hxg5 hxg5 26. a4 Rxd1 27. Rxd1 Rb8 28. axb5 axb5 29. Ra1 Bd7 30. Kd4 Rh8 31. e5 Ne8 32. Nd5+ Kf8 33. Bf5 Bc6 34. Kc5 Bxd5 35. Kxd5 Rh3 36. Be4 Rh6 37. Kc5 Re6 38. Kxb5 c3 39. Kc4 Rxe5 40. Kxc3 Nd6 41. Kd4 Rb5 42. Rb1 Ke7 43. Bd3 Rb8 44. Kd5 Rd8 45. Re1+ Kf6 46.
Kc6 Nc8 47. Be4 Ne7+ 48. Kc7 Rc8+ 49. Kb7 Rc3 50. b5 Rb3 51. Rb1 Rxb1 52. Bxb1 Nd5 53. Be4 Nc3 54. b6 Na4 55. Kc6 Ke5 56. b7 1-0

[Event "Early-Titled-Tuesday-Blitz-February-06-2024"]
[Site "Chess.com"]
[Date "2024.02.06"]
[Round "4"]
[White "javierfreilemartin"]
[Black "AA95"]
[Result "0-1"]
[WhiteElo "2328"]
[BlackElo "2507"]
[TimeControl "180+1"]
[EndTime "8:40:02 PST"]
[Termination "AA95 won on time"]

1. c4 Nf6 2. Nc3 g6 3. d4 Bg7 4. e4 d6 5. Nf3 O-O 6. Be2 e5 7. O-O Nc6 8. d5 Ne7 9. h3 a5 10. Bd2 Nh5 11. Re1 f5 12. Bf1 f4 13. Nh2 Nf6 14.
f3 g5 15. Qc2 Ng6 16. Nd1 b6 17. Nf2 h5 18. a3 a4 19. b4 axb3 20. Qxb3 Bd7 21. a4 Nh4 22. a5 Rb8 23. axb6 Rxb6 24. Qc2 Rf7 25. c5 dxc5 26. Qxc5 Bf8 27. Qc2 Bd6 28. Ra7 Rg7 29. Be2 Qb8 30. Rea1 Qf8 31. Be1 g4 32. fxg4 hxg4 33. Nfxg4 f3 34. Bxh4 Nxg4 35.
Nxg4 Bxg4 36. Ra8 Bc8 37. Bxf3 Qxf3 38. Rxc8+ Kh7 39. Kh1 Qf4 40. Raa8 Qf1+ 41. Kh2 Rb1 42. Rh8+ Kg6 43. Qf2 Qxf2 44. Bxf2 Rb2 45. Be3 Kf7 46.
Rhg8 Rxg8 47. Rxg8 Kxg8 0-1